SNL (28 & UNDER)
MEMPHIS BLUES @ KEY WEST BARRACUDAS
09/21/2025
 
TOP OF THE 1ST
Memphis Blues batting - Pitching for Key West Barracudas : RHP Lawrence Fish
Pitching: RHP Lawrence Fish
Batting: LHB Mark Folger 0-0: Called Strike
0-1: Swinging Strike
0-2: Foul Ball, location: 2F
0-2: Foul Ball, location: 2F
0-2: Ball
1-2: Foul Ball, location: 2F
1-2: Strikes out looking
Batting: RHB Jaime Spiridon 0-0: Ball
1-0: Ground out 6-3 (Groundball, 6)
Batting: RHB Dave O'Neill 0-0: Foul Ball, location: 2F
0-1: Ball
1-1: Swinging Strike
1-2: Strikes out swinging
Top of the 1st over - 0 run(s), 0 hit(s), 0 error(s), 0 left on base; Memphis 0 - Key West 0
BOTTOM OF THE 1ST
Key West Barracudas batting - Pitching for Memphis Blues : RHP Larry West
Pitching: RHP Larry West
Batting: SHB Rodney Birling 0-0: Called Strike
0-1: Ball
1-1: Ball
2-1: Called Strike
2-2: Foul Ball, location: 2F
2-2: Ball
3-2: Strikes out swinging
Batting: RHB Carlos Bravo 0-0: Called Strike
0-1: Ball
1-1: SINGLE (Line Drive, 9LS)
Batting: SHB Luis Manuel López 0-0: Ball
1-0: Ball
2-0: Called Strike
2-1: Fly out, F8 (Flyball, 8LD)
Batting: LHB Domingo Ledesma 0-0: Fly out, F3 (Line Drive, 3)
Bottom of the 1st over - 0 run(s), 1 hit(s), 0 error(s), 1 left on base; Memphis 0 - Key West 0
TOP OF THE 2ND
Memphis Blues batting - Pitching for Key West Barracudas : RHP Lawrence Fish
Batting: LHB Chris Austin 0-0: Ball
1-0: Ball
2-0: Ball
3-0: Base on Balls
Batting: RHB Glenn Johnson 0-0: Fly out, F7 (Line Drive, 7M)
Batting: LHB Ken Nelson 0-0: Called Strike
0-1: Ball
1-1: Swinging Strike
1-2: Ball
2-2: Foul Ball, location: 2F
2-2: Foul Ball, location: 2F
2-2: Strikes out looking
Batting: RHB Glenn Melican 0-0: Ball
1-0: Called Strike
1-1: Foul Ball, location: 2F
1-2: Ground out 5-3 (Groundball, 56)
Top of the 2nd over - 0 run(s), 0 hit(s), 0 error(s), 1 left on base; Memphis 0 - Key West 0
BOTTOM OF THE 2ND
Key West Barracudas batting - Pitching for Memphis Blues : RHP Larry West
Batting: LHB Daniel Byrd 0-0: Called Strike
0-1: Swinging Strike
0-2: DOUBLE (Flyball, 89XD)
Batting: LHB Víctor Acevedo 0-0: Called Strike
0-1: Ball
1-1: Ball
2-1: Ball
3-1: Base on Balls
Batting: RHB Carlos Miranda 0-0: Foul Ball, location: 2F
0-1: Swinging Strike
0-2: SINGLE (Groundball, 34D)
Daniel Byrd to third
Víctor Acevedo to second
Batting: RHB Dan Craft 0-0: Foul Ball, location: 2F
0-1: Swinging Strike
0-2: Strikes out swinging
Batting: LHB Motoki Hirata 0-0: Ball
1-0: Fielders Choice at 2nd, 3-6 (Groundball, 3)
Daniel Byrd scores
Víctor Acevedo to third
Batting: SHB Rodney Birling 0-0: Fly out, F4 (Popup, 34D)
Bottom of the 2nd over - 1 run(s), 2 hit(s), 0 error(s), 2 left on base; Memphis 0 - Key West 1
TOP OF THE 3RD
Memphis Blues batting - Pitching for Key West Barracudas : RHP Lawrence Fish
Batting: LHB Alan McGilroy 0-0: Ball
1-0: Swinging Strike
1-1: DOUBLE (Groundball, 3L)
Batting: RHB Ángel Hernández 0-0: Called Strike
0-1: Ball
1-1: Swinging Strike
1-2: Strikes out swinging
Batting: LHB Mark Folger 0-0: Ball
1-0: Ball
2-0: 2-RUN HOME RUN (Flyball, 9D), Distance : 402 ft
Batting: RHB Jaime Spiridon 0-0: Called Strike
0-1: Ball
1-1: Foul Ball, location: 2F
1-2: SINGLE (Line Drive, 89S)
Batting: RHB Dave O'Neill 0-0: Ball
1-0: Called Strike
1-1: Ball
2-1: Ball
3-1: Called Strike
3-2: Base on Balls
Jaime Spiridon to second
Batting: LHB Chris Austin 0-0: 3-RUN HOME RUN (Flyball, 9D), Distance : 415 ft
Batting: RHB Glenn Johnson 0-0: Swinging Strike
0-1: Ball
1-1: Ball
2-1: Ball
3-1: Ground out 1-3 (Groundball, 13S)
Batting: LHB Ken Nelson 0-0: Swinging Strike
0-1: Swinging Strike
0-2: TRIPLE (Line Drive, 7LM)
Batting: RHB Glenn Melican 0-0: Called Strike
0-1: Ball
1-1: Swinging Strike
1-2: DOUBLE (Line Drive, 7LM)
Ken Nelson scores
Batting: LHB Alan McGilroy 0-0: SINGLE (Line Drive, 34)
Glenn Melican to third
Runner from 3rd tries for Home, SAFE, no throw or cutoff
Batting: RHB Ángel Hernández 0-0: Ball
1-0: Ball
2-0: Called Strike
2-1: Swinging Strike
2-2: Foul Ball, location: 2F
2-2: Strikes out swinging
Top of the 3rd over - 7 run(s), 7 hit(s), 0 error(s), 1 left on base; Memphis 7 - Key West 1
BOTTOM OF THE 3RD
Key West Barracudas batting - Pitching for Memphis Blues : RHP Larry West
Batting: RHB Carlos Bravo 0-0: Called Strike
0-1: Swinging Strike
0-2: Strikes out looking
Batting: SHB Luis Manuel López 0-0: Called Strike
0-1: Called Strike
0-2: Ball
1-2: Strikes out swinging
Batting: LHB Domingo Ledesma 0-0: Ball
1-0: Fly out, F9 (Flyball, 89M)
Bottom of the 3rd over - 0 run(s), 0 hit(s), 0 error(s), 0 left on base; Memphis 7 - Key West 1
TOP OF THE 4TH
Memphis Blues batting - Pitching for Key West Barracudas : RHP Lawrence Fish
Pitching: RHP Gerald Núñez
Batting: LHB Mark Folger 0-0: Ball
1-0: Ball
2-0: Called Strike
2-1: Ball
3-1: Swinging Strike
3-2: Foul Ball, location: 2F
3-2: Ground out 4-3 (Groundball, 4)
Batting: RHB Jaime Spiridon 0-0: Called Strike
0-1: Fly out, F6 (Popup, 6)
Batting: RHB Dave O'Neill 0-0: Foul Ball, location: 2F
0-1: Fly out, F8 (Line Drive, 8RM)
Top of the 4th over - 0 run(s), 0 hit(s), 0 error(s), 0 left on base; Memphis 7 - Key West 1
BOTTOM OF THE 4TH
Key West Barracudas batting - Pitching for Memphis Blues : RHP Larry West
Batting: LHB Daniel Byrd 0-0: Called Strike
0-1: Called Strike
0-2: Ball
1-2: Foul Ball, location: 2F
1-2: Foul Ball, location: 2F
1-2: Ball
2-2: Foul Ball, location: 2F
2-2: Strikes out looking
Batting: LHB Víctor Acevedo 0-0: Called Strike
0-1: Fly out, F8 (Flyball, 8RM)
Batting: RHB Carlos Miranda 0-0: Ball
1-0: Called Strike
1-1: Ball
2-1: Foul Ball, location: 2F
2-2: Foul Ball, location: 2F
2-2: Ball
3-2: Foul Ball, location: 2F
3-2: Fly out, F8 (Flyball, 8RM)
Bottom of the 4th over - 0 run(s), 0 hit(s), 0 error(s), 0 left on base; Memphis 7 - Key West 1
TOP OF THE 5TH
Memphis Blues batting - Pitching for Key West Barracudas : RHP Gerald Núñez
Batting: LHB Chris Austin 0-0: Fly out, F7 (Line Drive, 7M)
Batting: RHB Glenn Johnson 0-0: Called Strike
0-1: Ball
1-1: Ball
2-1: Fly out, F8 (Line Drive, 8LD)
Batting: LHB Ken Nelson 0-0: Ball
1-0: Swinging Strike
1-1: Foul Ball, location: 2F
1-2: Ball
2-2: Foul Ball, location: 2F
2-2: Strikes out swinging
Top of the 5th over - 0 run(s), 0 hit(s), 0 error(s), 0 left on base; Memphis 7 - Key West 1
BOTTOM OF THE 5TH
Key West Barracudas batting - Pitching for Memphis Blues : RHP Larry West
Batting: RHB Dan Craft 0-0: Called Strike
0-1: Ground out 5-3 (Groundball, 56)
Batting: LHB Motoki Hirata 0-0: Ground out 4-3 (Groundball, 4S)
Batting: SHB Rodney Birling 0-0: Swinging Strike
0-1: Ball
1-1: Called Strike
1-2: Fly out, F4 (Popup, 4M)
Bottom of the 5th over - 0 run(s), 0 hit(s), 0 error(s), 0 left on base; Memphis 7 - Key West 1
TOP OF THE 6TH
Memphis Blues batting - Pitching for Key West Barracudas : RHP Gerald Núñez
Batting: RHB Glenn Melican 0-0: Foul Ball, location: 2F
0-1: Fly out, F7 (Flyball, 7D)
Batting: LHB Alan McGilroy 0-0: Swinging Strike
0-1: Called Strike
0-2: Strikes out swinging
Batting: RHB Ángel Hernández 0-0: Swinging Strike
0-1: Ground out 1-3 (Groundball, 13)
Top of the 6th over - 0 run(s), 0 hit(s), 0 error(s), 0 left on base; Memphis 7 - Key West 1
BOTTOM OF THE 6TH
Key West Barracudas batting - Pitching for Memphis Blues : RHP Larry West
Batting: RHB Carlos Bravo 0-0: Ball
1-0: Ball
2-0: Ball
3-0: Called Strike
3-1: Fly out, F7 (Flyball, 7M)
Batting: SHB Luis Manuel López 0-0: Foul Ball, location: 2F
0-1: Ball
1-1: Ground out 3-1 (Groundball, 34S)
Batting: LHB Domingo Ledesma 0-0: Called Strike
0-1: Fly out, F8 (Line Drive, 8RD)
Bottom of the 6th over - 0 run(s), 0 hit(s), 0 error(s), 0 left on base; Memphis 7 - Key West 1
TOP OF THE 7TH
Memphis Blues batting - Pitching for Key West Barracudas : RHP Gerald Núñez
Pitching: RHP Ed Calhoun
Batting: LHB Mark Folger 0-0: Called Strike
0-1: Ball
1-1: Ball
2-1: Swinging Strike
2-2: Foul Ball, location: 2F
2-2: Ground out 3-1 (Groundball, 34S)
Batting: RHB Jaime Spiridon 0-0: Ball
1-0: Ball
2-0: Foul Ball, location: 2F
2-1: Ball
3-1: Fly out, F8 (Flyball, 89M)
Batting: RHB Dave O'Neill 0-0: Called Strike
0-1: Called Strike
0-2: Ground out 6-3 (Groundball, 6)
Top of the 7th over - 0 run(s), 0 hit(s), 0 error(s), 0 left on base; Memphis 7 - Key West 1
BOTTOM OF THE 7TH
Key West Barracudas batting - Pitching for Memphis Blues : RHP Larry West
Batting: LHB Daniel Byrd 0-0: Called Strike
0-1: DOUBLE (Flyball, 78XD)
Batting: LHB Víctor Acevedo 0-0: Called Strike
0-1: DOUBLE (Line Drive, 9LM)
Daniel Byrd scores
Batting: RHB Carlos Miranda 0-0: Ball
1-0: Ball
2-0: Ball
3-0: Called Strike
3-1: Foul Ball, location: 2F
3-2: Foul Ball, location: 2F
3-2: Strikes out swinging
Pitching: RHP Dustin Taylor
Batting: RHB Dan Craft 0-0: Ball
1-0: Ground out 3-1 (Groundball, 34S)
Víctor Acevedo to third
Batting: LHB Motoki Hirata 0-0: Ball
1-0: Ball
2-0: Foul Ball, location: 2F
2-1: Called Strike
2-2: Fly out, F7 (Flyball, 7M)
Bottom of the 7th over - 1 run(s), 2 hit(s), 0 error(s), 1 left on base; Memphis 7 - Key West 2
TOP OF THE 8TH
Memphis Blues batting - Pitching for Key West Barracudas : RHP Ed Calhoun
Batting: LHB Chris Austin 0-0: Ball
1-0: Foul Ball, location: 2F
1-1: Foul Ball, location: 2F
1-2: Ball
2-2: SINGLE (Groundball, 34D)
Batting: RHB Glenn Johnson 0-0: Called Strike
0-1: Ball
1-1: Ball
2-1: Foul Ball, location: 2F
2-2: Ground out 5-3 (Groundball, 5S)
Chris Austin to second
Batting: LHB Ken Nelson 0-0: Ball
1-0: Ball
2-0: Foul Ball, location: 2F
2-1: Foul Ball, location: 2F
2-2: Strikes out looking
Batting: RHB Glenn Melican 0-0: Ball
1-0: Ball
2-0: Ball
3-0: Called Strike
3-1: Foul Ball, location: 2F
3-2: Strikes out swinging
Top of the 8th over - 0 run(s), 1 hit(s), 0 error(s), 1 left on base; Memphis 7 - Key West 2
BOTTOM OF THE 8TH
Key West Barracudas batting - Pitching for Memphis Blues : RHP Dustin Taylor
Now at 3B: Ángel López
Batting: SHB Rodney Birling 0-0: Ball
1-0: Ball
2-0: Ball
3-0: Foul Ball, location: 2F
3-1: Base on Balls
Batting: RHB Carlos Bravo 0-0: Ball
1-0: Foul Ball, location: 2F
1-1: Ball
2-1: Grounds into double play, 6-4-3 (Groundball, 6M)
Batting: SHB Luis Manuel López 0-0: Called Strike
0-1: Ball
1-1: Foul Ball, location: 2F
1-2: Foul Ball, location: 2F
1-2: Foul Ball, location: 2F
1-2: Foul Ball, location: 2F
1-2: Strikes out swinging
Bottom of the 8th over - 0 run(s), 0 hit(s), 0 error(s), 0 left on base; Memphis 7 - Key West 2
TOP OF THE 9TH
Memphis Blues batting - Pitching for Key West Barracudas : RHP Ed Calhoun
Batting: LHB Alan McGilroy 0-0: Swinging Strike
0-1: Ball
1-1: Called Strike
1-2: Strikes out swinging
Batting: RHB Ángel Hernández 0-0: Ball
1-0: Ball
2-0: Ball
3-0: Base on Balls
Batting: LHB Mark Folger 0-0: Swinging Strike
0-1: Swinging Strike
0-2: Ball
1-2: Foul Ball, location: 2F
1-2: Ball
2-2: Ball
3-2: Strikes out swinging
Ángel Hernández steals 2nd base
Batter strikes out.
Batting: RHB Jaime Spiridon 0-0: Ball
1-0: Swinging Strike
1-1: Fly out, F9 (Flyball, 9M)
Top of the 9th over - 0 run(s), 0 hit(s), 0 error(s), 1 left on base; Memphis 7 - Key West 2
BOTTOM OF THE 9TH
Key West Barracudas batting - Pitching for Memphis Blues : RHP Dustin Taylor
Now at SS: Chase Mueller
Batting: LHB Domingo Ledesma 0-0: Foul Ball, location: 2F
0-1: Foul Ball, location: 2F
0-2: Ball
1-2: Fly out, F4 (Line Drive, 4)
Batting: LHB Daniel Byrd 0-0: Called Strike
0-1: Ground out 4-3 (Groundball, 4)
Batting: LHB Víctor Acevedo 0-0: Ball
1-0: Foul Ball, location: 2F
1-1: Foul Ball, location: 2F
1-2: Fly out, F7 (Flyball, 78M)
Bottom of the 9th over - 0 run(s), 0 hit(s), 0 error(s), 0 left on base; Memphis 7 - Key West 2
This league is powered by Out of the Park Baseball, the baseball management simulation game for PC, Mac and Linux
Tuesday, August 2nd, 2016 - OOTP Baseball 16.8 Build 38